 Dungeon Crawl Stone Soup version 0.27-a0-836-gfc908b8576 (webtiles) character file.

Game seed: 9061899738683822953

38 funkygono the Magician (level 3, -1/25 HPs)
             Began as a Djinni Fire Elementalist on Mar 31, 2021.
             Slain by Sigmund
             ... wielding a +0 scythe
              (6 damage)
             ... on level 2 of the Dungeon.
             The game lasted 00:02:03 (1220 turns).

funkygono the Magician (Djinni Fire Elementalist)   Turns: 1220, Time: 00:02:03

Health: -1/25      AC:  2    Str:  7    XL:     3   Next: 43%
Gold:   55         EV: 12    Int: 17    God:
                   SH:  0    Dex: 13

rFire    + + .     SeeInvis .   d - +1 short sword (venom)
rCold    x . .     Faith    .   (no shield)
rNeg     . . .     Spirit   .   a - +0 robe
rPois    ∞         Reflect  .   (no helmet)
rElec    .         Harm     .   (no cloak)
rCorr    .         Rampage  .   (no gloves)
Will     .....                  (boots unavailable)
Stlth    ++........             (no amulet)
HPRegen  0.08/turn              (no ring)
MPRegen  0.00/turn              (no ring)

@: flying
A: fire resistance 2, cold vulnerability 1, float, innate caster, hp casting,
extra vitality 1
a: no special abilities


You were on level 2 of the Dungeon.
You visited 1 branch of the dungeon, and saw 2 of its levels.

You collected 55 gold pieces.

Inventory:

Hand Weapons
 c - a +0 dagger of flaming
 d - a +1 short sword of venom (weapon)
Armour
 a - a +0 robe (worn)
Scrolls
 e - a scroll of blinking


   Skills:
 + Level 2.4 Dodging
 - Level 1.5 Stealth
 * Level 3.7 Spellcasting


You couldn't memorise any spells.
You knew the following spells:

 Your Spells              Type           Power      Damage    Failure   Level
a - Foxfire               Conj/Fire      60%        2x1d7     3%          1
b - Conjure Flame         Conj/Fire      15%        6-21      11%         3
c - Inner Flame           Hex/Fire       15%        N/A       11%         3
d - Sticky Flame          Conj/Fire      15%        2d4       34%         4
e - Fireball              Conj/Fire      7%         3d5       67%         5
f - Apportation           Tloc           30%        N/A       3%          1
Your spell library was empty.

Dungeon Overview and Level Annotations

Branches:
Dungeon (2/15)

Altars:

Annotations:
D:2 Sigmund


Innate Abilities, Weirdness & Mutations

You are immune to poison.
Your flesh is very heat resistant. (rF++)
You are vulnerable to cold. (rC-)
You float through the air rather than walking.
You learn spells naturally, not from books.
Your magical power is your life essence.
You have superior vitality. (+4 HP)


Message History

You conjure some foxfire!
Your foxfire dissipates! x2
There is a stone staircase leading down here.
Your foxfire dissipates!
Sigmund barely misses you.
Sigmund is nearby!
Casting: Foxfire (safe; 3% risk of failure)
Confirm with . or Enter, or press ? or * to list all spells.
Okay, then.
Sigmund screams, "Don't try to resist!"
Sigmund points at you and mumbles some strange words.
You are confused.
Sigmund points at you and mumbles some strange words.
You are more confused.
You're too confused to cast spells.
Sorry, you're not good enough to have a special ability.
You're too confused to cast spells.
Sorry, you're not good enough to have a special ability.
Unknown command.
You bump into the rock wall.
Sigmund gestures at you while chanting. The magic dart hits you!
Sigmund barely misses you.
You're too confused to cast spells.
Sorry, you're not good enough to have a special ability.
It was a potion of flight.
You feel more buoyant.
Sigmund hits you from afar with a +0 scythe.
Sigmund gestures at you while chanting. The magic dart hits you.
You're too confused to cast spells.
Sorry, you're not good enough to have a special ability.
You're too confused to cast spells.
Sorry, you're not good enough to have a special ability.
You feel less confused. Sigmund casts a spell at you.
The puff of flame hits you. You resist.
* * * LOW HITPOINT WARNING * * *
Sigmund hits you from afar with a +0 scythe.
You die...

#.# #.# #.# #.#
#.# ####.######
#.........#
#.....@...### .
#.......@...# ..
#.......^...###...
####.####.........
#..............
######.<..####
#...## #...# #...#
#...#


You could see Sigmund.

Vanquished Creatures
  A gnoll (D:1)
  4 endoplasms (D:1)
  2 goblins (D:1)
  5 hobgoblins
  2 jackals (D:1)
  4 ball pythons (D:1)
  4 bats (D:1)
  2 kobolds (D:1)
  2 rats
26 creatures vanquished.

Vanquished Creatures (others)
  66 foxfires
66 creatures vanquished.

Grand Total: 92 creatures vanquished

Notes
Turn   | Place    | Note
-------+----------+-------------------------------------------
     0 | D:1      | funkygono the Djinni Fire Elementalist began the quest for
                  | the Orb.
     0 | D:1      | Reached XP level 1. HP: 15/15 MP: 0/0
   115 | D:1      | Reached skill level 3 in Spellcasting
   115 | D:1      | Reached XP level 2. HP: 16/21 MP: 0/0
   526 | D:1      | Reached XP level 3. HP: 24/25 MP: 0/0
   526 | D:1      | Learned a level 1 spell: Apportation
  1170 | D:2      | Noticed Sigmund
  1220 | D:2      | Slain by Sigmund

Illustrated notes

Levels and vault maps discovered:
D:1:      co_arrival_random_square_maze, layout_loops_ring, kennysheep_boxes
D:2:      layout_basic, uniq_sigmund

Skill      XL: |  1 |
---------------+----+-----
Spellcasting   | 3 |  3.7
Dodging        | |  2.4
Stealth        | |  1.5

Action                   || total
-------------------------++-------
Melee: Short sword       ||     1
 Cast: Foxfire           ||    38
  Use: Scroll            ||     1
       Potion            ||     1
Dodge: Dodged            ||     4

Table legend: (Time is in decaauts)
 A = Elapsed time spent in this place.
 B = Non-inter-level travel time spent in this place.
 C = Inter-level travel time spent in this place.
 D = Time resting spent in this place.
 E = Time spent auto-exploring this place.
 F = Levels seen in this place.
 G = Mean time per level.
                   A        B        C        D        E       F      G
               +--------+--------+--------+--------+--------+-----+--------+
         Total |   1218 |   1171 |     47 |      0 |    979 |   2 |  609.0 |
       Dungeon |   1218 |   1171 |     47 |      0 |    979 |   2 |  609.0 |
               +--------+--------+--------+--------+--------+-----+--------+

Top non-repeatable levels by time:
     D:1: 1147 daAuts
     D:2: 71 daAuts
